 Dungeon Crawl Stone Soup version 0.31-a0-844-gdc52ec4e09 (webtiles) character file.

Game seed: 13157665361888835949

27643 Kurtz the Severer (level 13, -10/89 HPs)
             Began as an Octopode Fighter on Sept 30, 2023.
             Was an Initiate of Gozag.
             Mangled by a seven-headed hydra (15 damage)
             ... on level 4 of the Lair of Beasts.
             The game lasted 00:24:55 (16285 turns).

Kurtz the Severer (Octopode Fighter)               Turns: 16285, Time: 00:24:56

Health: -10/89     AC:  3    Str: 34    XL:     13   Next: 33%
Magic:  17/17      EV: 17    Int: 10    God:    Gozag
Gold:   1371       SH: 11    Dex: 16    Spells: 16/18 levels left

rFire   . . .        z - +2 broad axe (flame)
rCold   + . .        b - +0 buckler
rNeg    . . .        a - +2 hat
rPois   .            l - amulet of reflection
rElec   .            f - +6 ring of strength
rCorr   .            g - +6 ring of strength
SInv    .            j - ring of willpower
Will    +....        y - +6 ring of strength
Stlth   ++           d - ring of protection from cold
HPRegen 0.34/turn    (no ring)
MPRegen 0.15/turn    (no ring)
                     (no ring)

%: reflection
@: no status effects
A: almost no armour, amphibious, 8 rings, camouflage 1, gelatinous body 1,
(nimble swimmer 1), tentacles
a: Renounce Religion, Potion Petition, Call Merchant, Bribe Branch


You were on level 4 of the Lair of Beasts.
You worshipped Gozag.
Gozag was most pleased with you.
You visited 2 branches of the dungeon, and saw 15 of its levels.

You collected 3436 gold pieces.
You spent 799 gold pieces at shops.
You paid 1266 gold pieces to Gozag.

Inventory:

Hand Weapons
 z - a +2 broad axe of flaming (weapon)
Missiles
 o - 6 javelins
 v - 11 boomerangs
 w - 22 poisoned darts (quivered)
 C - 4 curare-tipped darts
Armour
 a - a +2 hat (worn)
 b - a +0 buckler (worn)
Jewellery
 d - a ring of protection from cold (on tentacle)
 f - a +6 ring of strength (left tentacle)
 g - a +6 ring of strength (right tentacle)
 j - a ring of willpower (on tentacle)
 l - an amulet of reflection (around mantle)
 y - a +6 ring of strength (on tentacle)
 A - a ring of fire
 P - a ring of ice
Wands
 E - a wand of flame (2)
 L - a wand of paralysis (4)
 N - a wand of acid (5)
Scrolls
 e - 2 scrolls of blinking
 h - 7 scrolls of teleportation
 i - 7 scrolls of poison
 m - a scroll of brand weapon
 p - 3 scrolls of fog
 q - 2 scrolls of enchant armour {unknown}
 s - 2 scrolls of summoning
 x - a scroll of vulnerability
 D - 3 scrolls of noise
 F - 3 scrolls of amnesia
 G - a scroll of immolation
 H - 2 scrolls of torment
 J - a scroll of acquirement {unknown}
 M - a scroll of revelation {unknown}
 O - 2 scrolls of identify
Potions
 c - 2 potions of might
 k - 3 potions of enlightenment
 n - 4 potions of curing
 r - a potion of attraction {unknown}
 t - a potion of ambrosia
 u - 2 potions of cancellation
 B - 3 potions of brilliance
 I - a potion of invisibility
 K - a potion of mutation {unknown}


   Skills:
 - Level 8.5 Fighting
 * Level 16.7 Axes
 - Level 8.1 Dodging
 * Level 9.0 Shields
 * Level 3.1 Spellcasting
 * Level 3.6 Transmutations


You had 16 spell levels left.
You knew the following spells:

 Your Spells              Type           Power      Damage    Failure   Level
a - Wereblood             Tmut           8%         N/A       11%         2

Your spell library contained the following spells:

 Spells                   Type           Power      Damage    Failure   Level
 Foxfire                  Conj/Fire      4%         2x1d4     30%         1
 Blink                    Tloc           2%         N/A       43%         2
 Tukima's Dance           Hex            1%         N/A       67%         3
 Dimensional Bullseye     Hex/Tloc       0%         N/A       97%         4
 Iskenderun's Mystic Bla  Conj/Tloc      1%         2d3       97%         4
 Manifold Assault         Tloc           1%         N/A       97%         4
 Irradiate                Conj/Tmut      2%         3d12      99%         5
 Conjure Ball Lightning   Conj/Air       0%         3x3d6     100%        6
 Plasma Beam              Fire/Air       0%         2x1d10    100%        6
 Starburst                Conj/Fire      0%         6d3       100%        6
 Discord                  Hex            0%         N/A       100%        8
 Disjunction              Tloc           0%         N/A       100%        8


Dungeon Overview and Level Annotations

Branches:
Dungeon (11/15)            Temple (0/1) D:5            Lair (4/5) D:9
  Swamp (0/4) Lair:2       Spider (0/4) Lair:3
  Slime: Lair:4-5       Orc: D:9-12

Altars:
Dithmenos
Elyvilon
Gozag
Kikubaaqudgha
Makhleb
Okawaru
Ru
Sif Muna
Trog
Uskayaw
Vehumet
Xom
Yredelemnul
Zin

Shops:
D:4 :   D:7 :   Lair:1 (

Annotations:
D:2 1 runed translucent door, Crazy Yiuf
D:3 3 runed translucent doors, MrSquiggles's ghost, amateur KoFi
D:4 exclusion: downstairs
D:10 exclusion: 2 doors


Innate Abilities, Weirdness & Mutations

You cannot wear most types of armour.
You are amphibious.
You can wear up to eight rings at the same time.
Your skin changes colour to match your surroundings (Stealth+).
Your rubbery body absorbs attacks. (AC +1, EV +1)
((You are camouflaged when in or above water. (Stealth+)))
You have tentacles for arms and can constrict up to eight enemies at once.


Message History

Your primal bloodlust is almost over.
The bullfrog croaks.
You block the bullfrog's attack.
You slash the bullfrog! You burn the bullfrog. Your grab misses the bullfrog.
Your squeeze misses the bullfrog.
The bullfrog is severely wounded.
You block the bullfrog's attack.
You cut the bullfrog into ribbons!!! You burn the bullfrog.
You kill the bullfrog!
No target in view!
You now have 1368 gold pieces (gained 9).
You howl as the wereblood boils in your veins!
Your primal bloodlust has ended.
A - a ring of fire You now have 1371 gold pieces (gained 3).
An eight-headed hydra comes into view.
An eight-headed hydra is nearby!
The eight-headed hydra bites you! The eight-headed hydra misses you.
You block the eight-headed hydra's attack.
The eight-headed hydra bites you!
The eight-headed hydra barely misses you.
The eight-headed hydra bites you! x3
Unknown command.
Unknown command.
You slice one of the eight-headed hydra's heads off!
The flame cauterises the wound!
You slash the seven-headed hydra! You burn the seven-headed hydra.
The seven-headed hydra is moderately wounded.
You slice the fungus!!
The fungus begins to die.
You burn the fungus. The seven-headed hydra bites you!
You block the seven-headed hydra's attack.
The seven-headed hydra bites you!
* * * LOW HITPOINT WARNING * * *
The seven-headed hydra bites you.
* * * LOW HITPOINT WARNING * * *
The seven-headed hydra bites you!
* * * LOW HITPOINT WARNING * * *
The seven-headed hydra bites you!
You die...
Your body crumbles into a pile of gold.

.............
..................
#.... ............
..P.. ###........
#... ## ##.......
#..###.###.......#
#.P##...P##......#
#DP##..P.##.....#.
##@##.....##......#
#..................
##.#.##..#.........
#..######.##.....##
#...##.#.#.......#
##.................
#.####..##.P.###P.
### ######### ##


You could see a seven-headed hydra.

Vanquished Creatures
  Gastronok (Lair:2)
  Nessos (Lair:3)
  Fannar (Lair:3)
  2 hydras (Lair:2)
  A centaur warrior (D:9)
  A catoblepas (Lair:2)
  4 two-headed ogres
  2 boulder beetles (Lair:4)
  An ugly thing (D:10)
  5 cane toads
  2 komodo dragons (Lair:2)
  A polar bear (Lair:2)
  2 hornets
  15 blink frogs
  43 yaks
  A vampire (D:10)
  2 wraiths
  2 basilisks
  2 wyverns
  A steam dragon (Lair:2)
  2 vampire mosquitoes (D:9)
  5 swamp worms
  10 water moccasins
  2 orc warriors (D:7)
  2 sky beasts
  2 ice beasts
  A black bear (D:5)
  5 ogres
  2 centaurs
  2 phantoms
  2 kobold brigands
  10 bullfrogs
  4 scorpions
  15 wights
  2 jellies
  8 howler monkeys
  5 hounds
  10 orc priests
  2 iguanas
  Ijyb (D:5)
  Natasha (thrice) (D:3)
  7 orc wizards
  13 gnolls
  11 adders
  3 white imps (D:7)
  2 worms
  2 dart slugs (D:3)
  53 orcs
  8 endoplasms
  8 giant cockroaches
  6 goblins
  10 hobgoblins
  6 jackals
  4 quokkas
  4 ball pythons
  5 bats
  4 frilled lizards
  17 kobolds
  9 rats
357 creatures vanquished.

Notes
Turn   | Place    | Note
-------+----------+-------------------------------------------
     0 | D:1      | Kurtz the Octopode Fighter began the quest for the Orb.
     0 | D:1      | Reached XP level 1. HP: 16/16 MP: 1/1
   222 | D:1      | Reached XP level 2. HP: 20/21 MP: 2/2
   276 | D:1      | Reached skill level 3 in Axes
   769 | D:2      | Reached XP level 3. HP: 23/26 MP: 3/3
   877 | D:2      | Reached skill level 4 in Axes
  1012 | D:3      | Found an opulent altar of Gozag.
  1035 | D:3      | Became a worshipper of Gozag Ym Sagoz the Greedy
  1099 | D:3      | Noticed Natasha
  1102 | D:3      | Killed Natasha
  1103 | D:3      | Reached XP level 4. HP: 31/31 MP: 4/4
  1179 | D:3      | Reached skill level 5 in Axes
  1323 | D:3      | Noticed Natasha
  1327 | D:3      | Killed Natasha
  1328 | D:3      | Reached XP level 5. HP: 36/36 MP: 5/5
  1501 | D:3      | Found a runed translucent gate.
  1501 | D:3      | Found a runed translucent gate.
  1501 | D:3      | Found a runed translucent gate.
  1502 | D:3      | Noticed MrSquiggles's ghost (amateur KoFi)
  1581 | D:3      | Reached XP level 6. HP: 30/42 MP: 6/6
  1816 | D:3      | Noticed Natasha
  1821 | D:3      | Killed Natasha
  1822 | D:3      | Reached skill level 6 in Axes
  1921 | D:3      | Found a faded altar of an unknown god.
  2196 | D:2      | Found a shadowy altar of Dithmenos.
  2557 | D:2      | Found a runed translucent door.
  2558 | D:2      | Noticed Crazy Yiuf
  2844 | D:4      | Found Mefyisia's Book Shop.
  3007 | D:4      | Reached skill level 7 in Axes
  3007 | D:4      | Reached XP level 7. HP: 36/47 MP: 7/7
  3336 | D:4      | Found an ancient bone altar of Kikubaaqudgha.
  4155 | D:5      | Entered Level 5 of the Dungeon
  4166 | D:5      | Noticed Ijyb
  4353 | D:5      | Reached skill level 8 in Axes
  4533 | D:5      | Reached XP level 8. HP: 49/54 MP: 8/8
  4596 | D:5      | Killed Ijyb
  4652 | D:5      | Reached skill level 5 in Fighting
  4686 | D:5      | Found a staircase to the Ecumenical Temple.
  4815 | D:5      | Reached skill level 9 in Axes
  4933 | D:5      | Identified the +7 plate armour "Tienytwi" {Harm +Inv}
  5077 | D:5      | Found a hide-covered altar of Uskayaw.
  5432 | D:6      | Reached skill level 10 in Axes
  5432 | D:6      | Reached XP level 9. HP: 62/62 MP: 9/9
  5861 | D:6      | Found a sacrificial altar of Ru.
  5863 | D:6      | Found a shimmering blue altar of Sif Muna.
  5863 | D:6      | Found a shimmering altar of Xom.
  5865 | D:6      | Found an iron altar of Okawaru.
  5865 | D:6      | Found a shimmering altar of Xom.
  5865 | D:6      | Found a basalt altar of Yredelemnul.
  6168 | D:7      | Reached skill level 11 in Axes
  6442 | D:7      | Found Sotarezy's Book Boutique.
  7053 | D:4      | Bought a book of Changes for 216 gold pieces
  7056 | D:4      | Learned a level 2 spell: Wereblood
  7206 | D:8      | Noticed a hornet
  7211 | D:8      | Killed a hornet
  7212 | D:8      | Reached XP level 10. HP: 72/72 MP: 10/10
  7792 | D:8      | Found Null's Magic Scroll Shop.
  7880 | D:8      | Bought a scroll of amnesia for 60 gold pieces
  7880 | D:8      | Bought a scroll of immolation for 60 gold pieces
  7880 | D:8      | Bought a scroll of torment for 142 gold pieces
  7881 | D:8      | Bought a scroll of identify for 30 gold pieces
  7881 | D:8      | Bought a scroll of teleportation for 45 gold pieces
  7881 | D:8      | Bought a scroll of identify for 30 gold pieces
  7881 | D:8      | Bought a scroll of identify for 30 gold pieces
  7881 | D:8      | Bought a scroll of identify for 30 gold pieces
  8200 | D:9      | Found a sacrificial altar of Ru.
  8203 | D:9      | Noticed a two-headed ogre
  8211 | D:9      | Noticed a centaur warrior
  8249 | D:9      | Killed a two-headed ogre
  8250 | D:9      | Reached skill level 5 in Dodging
  8250 | D:9      | Reached skill level 5 in Shields
  8700 | D:9      | Found a radiant altar of Vehumet.
  8758 | D:9      | Found a burning altar of Makhleb.
  8879 | D:9      | Found a bloodstained altar of Trog.
  8880 | D:9      | Found a glowing silver altar of Zin.
  8900 | D:9      | Noticed a two-headed ogre
  8916 | D:9      | Killed a two-headed ogre
  8935 | D:9      | HP: 1/108 [centaur warrior/staff of poison (5)]
  8942 | D:9      | Killed a centaur warrior
  9181 | D:9      | Identified the +2 robe of the Shoals {-Cast rC+++ rN+++
                  | Will-}
  9386 | D:9      | Found a staircase to the Lair.
  9850 | D:9      | Noticed a two-headed ogre
 10080 | D:9      | Killed a two-headed ogre
 10081 | D:9      | Reached XP level 11. HP: 77/77 MP: 11/11
 10103 | D:9      | Found a shadowy altar of Dithmenos.
 10381 | D:10     | Entered Level 10 of the Dungeon
 10516 | D:10     | Noticed a green ugly thing
 10523 | D:10     | Killed a green ugly thing
 10798 | D:10     | Noticed a two-headed ogre
 10809 | D:10     | Killed a two-headed ogre
 11332 | Lair:1   | Entered Level 1 of the Lair of Beasts
 11476 | Lair:1   | Reached skill level 1 in Transmutations
 11481 | Lair:1   | Reached skill level 12 in Axes
 11481 | Lair:1   | Reached skill level 1 in Spellcasting
 11649 | Lair:1   | Found a white marble altar of Elyvilon.
 12023 | Lair:1   | HP: 1/77 [yak (12)]
 12041 | Lair:1   | Reached XP level 12. HP: 74/84 MP: 15/15
 12285 | Lair:1   | Reached skill level 13 in Axes
 12594 | Lair:1   | Bought a +1 broad axe of flaming for 156 gold pieces
 12926 | Lair:2   | Identified the +1 robe "Wilemeom" {rCorr Int+3}
 13041 | Lair:2   | Reached skill level 14 in Axes
 13045 | Lair:2   | Noticed Gastronok
 13213 | Lair:2   | Killed Gastronok
 13369 | Lair:2   | Noticed a catoblepas
 13389 | Lair:2   | Killed a catoblepas
 13392 | Lair:2   | Reached skill level 15 in Axes
 13825 | Lair:2   | Noticed an eight-headed hydra
 13825 | Lair:2   | Noticed a six-headed hydra
 13904 | Lair:3   | Noticed Nessos
 13908 | Lair:3   | Killed Nessos
 13993 | Lair:3   | Found a hole to the Spider Nest.
 14376 | Lair:3   | Noticed Fannar
 14388 | Lair:3   | Killed Fannar
 14970 | Lair:2   | Killed a six-headed hydra
 15045 | Lair:2   | Reached XP level 13. HP: 89/89 MP: 16/16
 15086 | Lair:2   | Reached skill level 16 in Axes
 15196 | Lair:2   | Found a staircase to the Swamp.
 16285 | Lair:4   | Mangled by a seven-headed hydra

Illustrated notes

Levels and vault maps discovered:
D:1:      matt_arrival_grand_opening, layout_rooms, minmay_misc_feat_chi
D:2:      layout_loops_ring, basic_altar, st_stairs_1, uniq_crazy_yiuf_cottage
D:3:      layout_loops_ring, mainiacjoe_overflow_alcove_1,
          gammafunk_ghost_necromancy, hellmonk_ecumenical_altar_inner_sanctum,
          minmay_misc_feat_x, minmay_misc_feat_tower, minmay_misc_feat_cross,
          uniq_natasha
D:4:      layout_loops_ring, lemuel_crystal_altar, nicolae_take_the_stairs,
          supply_closet_lemuel, minmay_strange_pillars
D:5:      layout_gridville, mainiacjoe_overflow_boulevard,
          minmay_temple_entry_drinking_statues, minmay_circle_x, uniq_ijyb
D:6:      layout_rooms, doesnt_xom_only_xom, grunt_ministairs_1
D:7:      layout_basic, serial_shops, shop, minmay_between
D:8:      layout_cave_pools, serial_shops, shop
D:9:      layout_basic, lemuel_crystal_altar, mainiacjoe_overflow_alcove_2,
          nicolae_ru_awakened_eye, marbit_many_paths,
          gammafunk_temple_overflow_statue, dpeg_oklobed_lair
D:10:     layout_gridville
D:11:     layout_irregular_city, guppyfry_shop_venom, uniq_nergalle
Lair:1:   layout_regular_city, basic_altar
Lair:2:   layout_gridlike, palyth_hydra_swamp_entry, grunt_megastairs_3,
          uniq_gastronok
Lair:3:   layout_regular_city, dummy_spider_entry, uniq_fannar, uniq_nessos
Lair:4:   layout_regular_city, dpeg_slime_entry_enclosed, wad_woods_03

Skill      XL: |  1  2  3  4  5  6  7  8  9 10 11 12 13 |
---------------+----------------------------------------+-----
Axes           | 3 4 5 7 8 10 11 12 15 16 | 16.7
Fighting       | 4 6 7 8 |  8.5
Shields        | 7 8 9 |  9.0
Dodging        | 7 8 |  8.1
Transmutations | 2 3 |  3.6
Spellcasting   | 2 3 |  3.1

Action                     |  1- 3 |  4- 6 |  7- 9 | 10-12 | 13-15 || total
---------------------------+-------+-------+-------+-------+-------++-------
  Melee: War axe           |    51 |   108 |   197 |   210 |       ||   566
         Constrict         |     9 |    32 |    46 |    46 |     6 ||   139
         Tentacles         |     4 |    23 |    46 |    82 |    20 ||   175
         Punch             |     1 |       |     3 |     5 |       ||     9
         Broad axe         |       |       |       |   118 |    85 ||   203
  Throw: Boomerang         |       |       |    15 |     5 |       ||    20
         Dart              |       |       |       |    30 |     3 ||    33
   Cast: Wereblood         |       |       |       |    13 |     4 ||    17
 Invoke: Potion Petition   |       |       |       |     2 |       ||     2
         Call Merchant     |       |       |       |     1 |       ||     1
  Evoke: Wand              |       |       |    22 |    32 |     4 ||    58
    Use: Scroll            |     1 |       |     7 |    15 |       ||    23
         Potion            |     1 |       |       |     4 |       ||     5
   Stab: Sleeping          |     3 |     6 |     8 |     3 |     2 ||    22
         Distracted        |       |     2 |     2 |     2 |       ||     6
         Paralysed         |       |       |     5 |     3 |       ||     8
 Armour: Skin              |    25 |    43 |    66 |   131 |    34 ||   299
  Dodge: Dodged            |    23 |    45 |    72 |   116 |    21 ||   277
  Block: Buckler           |    12 |    13 |    51 |   135 |    31 ||   242
         Reflection        |       |       |     4 |     3 |       ||     7

Table legend: (Time is in decaauts)
 A = Elapsed time spent in this place.
 B = Non-inter-level travel time spent in this place.
 C = Inter-level travel time spent in this place.
 D = Time resting spent in this place.
 E = Time spent auto-exploring this place.
 F = Levels seen in this place.
 G = Mean time per level.
                   A        B        C        D        E       F      G
               +--------+--------+--------+--------+--------+-----+--------+
         Total |  16298 |  15101 |   1197 |   3815 |   8431 |  15 | 1086.5 |
       Dungeon |  11370 |  10340 |   1030 |   2404 |   5939 |  11 | 1033.6 |
          Lair |   4927 |   4760 |    167 |   1411 |   2492 |   4 | 1231.8 |
               +--------+--------+--------+--------+--------+-----+--------+

Top non-repeatable levels by time:
     D:9: 2246 daAuts
  Lair:2: 1827 daAuts
     D:3: 1396 daAuts
  Lair:1: 1351 daAuts
     D:7: 1175 daAuts
  Lair:3: 1171 daAuts
     D:2: 1120 daAuts
     D:5: 1059 daAuts
     D:4: 1027 daAuts
     D:8: 895 daAuts
     D:6: 871 daAuts
    D:10: 797 daAuts
     D:1: 778 daAuts
  Lair:4: 577 daAuts
    D:11: 1 daAuts
